 Dungeon Crawl Stone Soup version 0.22-a0-231-g1b571ea (webtiles) character file.

12 mortelune the Chiller (level 2, -1/19 HPs)
             Began as a Demonspawn Ice Elementalist on Feb 21, 2018.
             Slain by a worm (12 damage)
             ... on level 2 of the Dungeon.
             The game lasted 00:03:14 (664 turns).

mortelune the Chiller (Demonspawn Ice Elementalist)  Turns: 664, Time: 00:03:15

Health: -1/19      AC:  3    Str:  8    XL:     2   Next: 20%
Magic:  3/5        EV: 12    Int: 16    God:
Gold:   12         SH:  0    Dex: 13    Spells: 4/5 levels left

rFire    . . .     SeeInvis .   f - +0 club
rCold    + . .     Gourm    .   (no shield)
rNeg     . . .     Faith    .   a - +0 robe
rPois    .         Spirit   .   (no helmet)
rElec    .         Reflect  .   (no cloak)
rCorr    .         Harm     .   e - +0 pair of gloves
MR       +....                  (no boots)
Stlth    ++........             (no amulet)
HPRegen  0.06/turn              i - ring of protection from magic
MPRegen  0.09/turn              (no ring)

@: no status effects
A: cold resistance 1
a: no special abilities


You were on level 2 of the Dungeon.
You were not hungry.

You visited 1 branch of the dungeon, and saw 2 of its levels.

You collected 12 gold pieces.

Inventory:

Hand Weapons
 f - a +0 club (weapon)
Missiles
 c - 13 poisoned needles
Armour
 a - a +0 robe (worn)
 e - a +0 pair of gloves (worn)
Jewellery
 i - a ring of protection from magic (left hand)
Scrolls
 h - a scroll of blinking {unknown}
 j - 2 scrolls of identify {unknown}
Potions
 d - a potion of curing {unknown}
Comestibles
 b - a ration
 g - a chunk of flesh


   Skills:
 + Level 2.0 Dodging
 - Level 1.7 Stealth
 + Level 2.2 Spellcasting
   Level 1.0 Conjurations
 * Level 3.0 Ice Magic


You had 4 spell levels left.
You knew the following spells:

 Your Spells              Type           Power        Failure   Level  Hunger
a - Freeze                Ice            ##..         6%          1    #......


Dungeon Overview and Level Annotations

Branches:
Dungeon (1/15)

Altars:


Innate Abilities, Weirdness & Mutations

Your flesh is cold resistant. (rC+)


Message History

You kill the rat!
You start resting.
A worm is nearby!
Casting: Freeze (safe; 6% risk of failure)
Confirm with . or Enter, or press ? or * to list all spells.
Aiming: Freeze (safe; 6% risk of failure)
Press: ? - help, Shift-Dir - straight line, f - worm
Aim: a worm You freeze the worm.
The worm is lightly wounded.
Casting: Freeze (safe; 6% risk of failure)
Confirm with . or Enter, or press ? or * to list all spells.
Aiming: Freeze (safe; 6% risk of failure)
Press: ? - help, Shift-Dir - straight line, f/p - worm
Aim: a worm (lightly wounded)
You freeze the worm.
The worm is lightly wounded.
The worm bites you!
Ouch! That really hurt!
You die...

....w#.#.##
.!†###.#... ...#
#.# ### ..####.#
.......#
.####>.###########
.#...w.#>...>....#
###†#..#.........#
#.#...........@#
#.####.......w.#
#. #.........# #S
#.........# #.
+.........# ##
#.........#
########.........#
#................#
#................#


You could see a worm.

Vanquished Creatures
  A leopard gecko (D:1)
  3 bats
  2 giant cockroaches
  A goblin (D:2)
  A hobgoblin (D:1)
  3 rats
11 creatures vanquished.

Notes
Turn   | Place    | Note
-------+----------+-------------------------------------------
     0 | D:1      | mortelune the Demonspawn Ice Elementalist began the quest for the Orb.
     0 | D:1      | Reached XP level 1. HP: 13/13 MP: 3/3
   475 | D:1      | Reached skill level 3 in Ice Magic
   520 | D:1      | You fall through a shaft!
   524 | D:2      | Gained mutation: Your flesh is cold resistant. (rC+) [demonic ancestry]
   524 | D:2      | Reached XP level 2. HP: 18/19 MP: 1/5
   664 | D:2      | Slain by a worm

Vault maps used:
D:1:      minmay_arrival_shattered_statue
D:2:      minmay_misc_feat_five, glass_columns_a

Skill      XL: |  1 |
---------------+----+-----
Dodging        | 2 |  2.0
Ice Magic      | 3 |  3.0
Stealth        | |  1.7
Spellcasting   | |  2.2
Conjurations   | |  1.0

Action                   || total
-------------------------++-------
Melee: Unarmed           ||     1
 Cast: Freeze            ||    22
Armor: Robe              ||    21
Dodge: Dodged            ||    44

Table legend:
 A = Spawn XP
 B = Non-spawn XP
 C = Spawn XP percentage of total XP
 D = Spawn monster count
 E = Non-spawn monster count
 F = Spawn count percentage of total count
 G = Total turns spent on level
                    A         B        C        D         E        F      G
               +---------+---------+-------+---------+---------+-------+---------
         Total |       0 |      18 |   0.0 |       0 |      11 |   0.0 |   664
               +---------+---------+-------+---------+---------+-------+---------
           D:1 |       0 |      11 |   0.0 |       0 |       6 |   0.0 |   520
           D:2 |       0 |       7 |   0.0 |       0 |       5 |   0.0 |   144
               +---------+---------+-------+---------+---------+-------+---------
